 Dungeon Crawl Stone Soup version 0.30-a0-310-g7d6cbdfea6 (webtiles) character file.

Game seed: 18051739973837826056

80 pokeman the Magician (level 4, 0/24 (25) HPs)
             Began as a Deep Elf Hedge Wizard on Oct 24, 2022.
             Slain by an orc priest
             ... wielding a +2 morningstar of holy wrath
              (2 damage)
             ... on level 3 of the Dungeon.
             The game lasted 00:04:17 (2654 turns).

pokeman the Magician (Deep Elf Hedge Wizard)        Turns: 2654, Time: 00:04:18

HP:   0/24 (25)     AC:  7    Str:  7    XL:     4   Next: 18%
MP:   3/13          EV: 12    Int: 21    God:
Gold: 146           SH:  0    Dex: 14    Spells: 6/14 levels left

rFire   . . .      SeeInvis .    a - +0 dagger
rCold   . . .      Faith    .    (no shield)
rNeg    . . .      Spirit   .    o - +3 leather armour
rPois   .          Reflect  .    b - +0 helmet
rElec   .          Harm     .    (no cloak)
rCorr   +          Rampage  .    (no gloves)
Will    .....                    (no boots)
Stlth   +.........               (no amulet)
HPRegen 0.24/turn                p - ring of resist corrosion
MPRegen 0.13/turn                (no ring)

@: confused, lightly drained
A: no striking features
a: no special abilities


You were on level 3 of the Dungeon.
You visited 1 branch of the dungeon, and saw 3 of its levels.

You collected 146 gold pieces.

Inventory:

Hand Weapons
 a - a +0 dagger (weapon)
Armour
 b - a +0 helmet (worn)
 o - a +3 leather armour (worn)
Magical Staves
 q - a staff of earth
Jewellery
 p - a ring of resist corrosion (left hand)
Wands
 m - a wand of mindburst (13)
Scrolls
 e - 2 scrolls of poison {unknown}
 h - 5 scrolls of identify {unknown}
 i - a scroll of blinking {unknown}
 j - a scroll of butterflies {unknown}
 l - a scroll of teleportation {unknown}
 n - a scroll of enchant weapon {unknown}
Potions
 c - a potion of might {unknown}
 d - 3 potions of magic
 f - a potion of berserk rage {unknown}
 g - a potion of curing {unknown}
 k - a potion of brilliance {unknown}


   Skills:
 - Level 1.1 Fighting
 - Level 1.0 Armour
 + Level 2.5 Dodging
 + Level 2.5 Stealth
 * Level 5.6 Spellcasting
 + Level 2.1 Conjurations
 - Level 1.1 Summonings
 - Level 1.1 Translocations


You had 6 spell levels left.
You knew the following spells:

 Your Spells              Type           Power      Damage    Failure   Level
a - Magic Dart            Conj           56%        1d5       6%          1
b - Mephitic Cloud        Conj/Pois/Air  8%         N/A       32%         3
c - Call Imp              Summ           10%        N/A       14%         2
d - Blink                 Tloc           20%        N/A       14%         2

Your spell library contained the following spells:

 Spells                   Type           Power      Damage    Failure   Level
 Slow                     Hex            20%        N/A       16%         1
 Cigotuvi's Dreadful Rot  Necr/Pois/Air  10%        N/A       22%         2
 Cause Fear               Hex            2%         N/A       83%         4
 Dragon Form              Tmut           2%         N/A       100%        7
 Dragon's Call            Summ           5%         N/A       100%        9


Dungeon Overview and Level Annotations

Branches:
Dungeon (3/15)

Altars:

Shops:
D:1 =


Message History

The orc is severely wounded.
The stinking cloud engulfs the orc priest but does no damage.
You are engulfed in noxious fumes.
You choke on the stench!
You are confused.
The orc priest begins to cast a cantrip, but forgets the words!
The orc is engulfed in noxious fumes.
The orc appears confused.
The orc barely misses you.
The orc is engulfed in noxious fumes.
The orc appears confused.
The orc hits the orc with a +2 hand axe of draining.
The orc drains the orc.
The orc is killed!
Unknown command.
You are engulfed in noxious fumes.
You choke on the stench!
You are more confused.
The orc priest looks encouraged for a moment.
The orc is engulfed in noxious fumes.
The orc appears confused.
Things that are here:
a +0 club; a +0 leather armour Unknown command.
You bump into the rock wall.
You are engulfed in noxious fumes.
You choke on the stench!
You are more confused.
The orc priest hits you with a +2 morningstar of holy wrath.
The orc barely misses the orc priest.
The orc misses you.
Unknown command.
You hit the orc but do no damage.
The orc is severely wounded.
You are engulfed in noxious fumes.
You choke on the stench!
You are more confused.
The orc priest hits you but does no damage.
You hit the orc.
You kill the orc!
The orc priest hits you with a +2 morningstar of holy wrath.
You bump into the rock wall.
The orc priest mumbles some strange prayers to Beogh against you.
Beogh smites you!
* * * LOW HITPOINT WARNING * * *
You bump into the rock wall.
The orc priest hits you with a +2 morningstar of holy wrath.
You die...

.....######.#######
.(.. #.## ... #..#
.. ##.# . #.# #.#
#.# #.# #@# #o#####
#)†...#####
####........
##....#.....#
.oo#####.r########..
..o)..o..## #
...###......#
######.....


You could see an orc priest.

Vanquished Creatures
  An adder (D:3)
  2 worms
  A dart slug (D:1)
  3 orcs (D:3)
  6 bats
  7 endoplasms
  7 goblins
  4 hobgoblins
  A jackal (D:1)
  2 quokkas
  6 ball pythons
  4 frilled lizards
  8 kobolds
  6 rats
58 creatures vanquished.

Notes
Turn   | Place    | Note
-------+----------+-------------------------------------------
     0 | D:1      | pokeman the Deep Elf Hedge Wizard began the quest for the
                  | Orb.
     0 | D:1      | Reached XP level 1. HP: 10/10 MP: 7/7
   236 | D:1      | Reached XP level 2. HP: 5/16 MP: 0/9
   453 | D:1      | Found Uplene's Jewellery Emporium.
   864 | D:1      | Found a faded altar of an unknown god.
   888 | D:1      | Reached skill level 5 in Spellcasting
  1258 | D:2      | Reached XP level 3. HP: 20/20 MP: 8/11
  1262 | D:2      | Learned a level 3 spell: Mephitic Cloud
  1265 | D:2      | Learned a level 2 spell: Call Imp
  1270 | D:2      | Learned a level 2 spell: Blink
  1680 | D:2      | Reached skill level 1 in Fighting
  2358 | D:3      | Reached skill level 1 in Armour
  2480 | D:3      | Reached XP level 4. HP: 25/25 MP: 1/13
  2654 | D:3      | Slain by an orc priest

Illustrated notes

Levels and vault maps discovered:
D:1:      dpeg_arrival_boxorama, layout_loops_ring, basic_ecumenical_altar,
          serial_shops, shop, minmay_pentomino_w4
D:2:      layout_loops_ring
D:3:      layout_rooms

Skill      XL: |  1  2  3 |
---------------+----------+-----
Spellcasting   | 5 |  5.6
Fighting       | 1 |  1.1
Armour         | 1 |  1.0
Conjurations   | 2 |  2.1
Dodging        | |  2.5
Stealth        | |  2.5
Summonings     | |  1.1
Translocations | |  1.1

Action                   |  1- 3 |  4- 6 || total
-------------------------+-------+-------++-------
Melee: Dagger            |    10 |     2 ||    12
 Cast: Magic Dart        |   140 |    15 ||   155
       Mephitic Cloud    |       |     1 ||     1
 Stab: Sleeping          |     1 |       ||     1
Armor: Robe              |     3 |       ||     3
       Leather armour    |     2 |     2 ||     4
Dodge: Dodged            |    19 |     4 ||    23

Table legend: (Time is in decaauts)
 A = Elapsed time spent in this place.
 B = Non-inter-level travel time spent in this place.
 C = Inter-level travel time spent in this place.
 D = Time resting spent in this place.
 E = Time spent auto-exploring this place.
 F = Levels seen in this place.
 G = Mean time per level.
                   A        B        C        D        E       F      G
               +--------+--------+--------+--------+--------+-----+--------+
         Total |   2653 |   2629 |     24 |     20 |   2255 |   3 |  884.3 |
       Dungeon |   2653 |   2629 |     24 |     20 |   2255 |   3 |  884.3 |
               +--------+--------+--------+--------+--------+-----+--------+

Top non-repeatable levels by time:
     D:1: 1189 daAuts
     D:2: 1011 daAuts
     D:3: 452 daAuts
